 Dungeon Crawl Stone Soup version 0.26-a0-540-g8a0c9464d7 (webtiles) character file.

Game seed: 6160424771363669796

2278999 Inarius the Politician (level 27, 184/184 HPs)
             Began as a Kobold Wanderer on Aug 14, 2020.
             Was a High Priest of Makhleb.
             Escaped with the Orb
             ... and 5 runes on Aug 19, 2020!
             The game lasted 03:53:58 (125043 turns).

Inarius the Politician (Kobold Wanderer)          Turns: 125043, Time: 03:53:59

Health: 184/184    AC: 38    Str:  9    XL:     27
Magic:  34/34      EV: 21    Int:  9    God:    Makhleb [*****.]
Gold:   4538       SH: 22    Dex: 34    Spells: 26/26 levels left

rFire    + + +     SeeInvis +   b - +9 quick blade (elec)
rCold    + + .     Faith    .   X - +3 warlock's mirror {reflect}
rNeg     + + +     Spirit   .   i - +10 shadow dragon scales
rPois    +         Reflect  +   v - +2 helmet {SInv}
rElec    +         Harm     .   k - +0 cloak of the Solstice {rElec rN+++ Str-4 Int-5}
rCorr    .                      M - +2 pair of gloves {Str+3}
MR       ++++.                  L - +2 pair of boots {run}
Stlth    +++++.....             j - amulet of Waemo {Reflect Dex+4 SH+5 SInv}
HPRegen  0.40/turn              D - ring of Paskitzyo {*Corrode rPois rC++ MR+}
MPRegen  0.24/turn              V - ring "Xoexicw" {rF++ Dex+6 SInv}

@: studying 4 skills, quick
A: small, talons 1, dopey 1, fire resistance 1, magic resistance 1, nightstalker
3, evolution 1
0: Orb of Zot
}: 5/15 runes: serpentine, barnacled, slimy, silver, abyssal
a: Minor Destruction, Lesser Servant of Makhleb, Major Destruction, Greater
Servant of Makhleb, Renounce Religion


You escaped.
You worshipped Makhleb.
Makhleb was extremely pleased with you.
You visited 12 branches of the dungeon, and saw 58 of its levels.
You visited the Abyss 3 times.
You visited 1 ziggurat, and saw 8 of its levels.
You also visited: Sewer, Bailey and Gauntlet.

You collected 13393 gold pieces.
You spent 8855 gold pieces at shops.

Inventory:

Hand Weapons
 a - a +9 quick blade of holy wrath
 b - a +9 quick blade of electrocution (weapon)
 U - a +9 quick blade of venom
Armour
 e - a +0 pair of boots of stealth
 i - +10 shadow dragon scales (worn)
 k - the +0 cloak of the Solstice (worn) {rElec rN+++ Str-4 Int-5}
   (You found it in a Gauntlet)

   It affects your strength (-4).
   It affects your intelligence (-5).
   It insulates you from electricity.
   It renders you almost immune to negative energy.
 v - a +2 helmet of see invisible (worn)
 L - a +2 pair of boots of running (worn)
 M - a +2 pair of gloves of strength (worn)
 Q - a scarf of shadows
 X - the +3 warlock's mirror (worn) {reflect}
   (Okawaru gifted it to you on level 4 of the Lair of Beasts)
Jewellery
 j - the amulet of Waemo (around neck) {Reflect Dex+4 SH+5 SInv}
   (You found it on level 5 of the Pits of Slime)

   [amulet of reflection]

   It shields you and reflects attacks.
   It affects your dexterity (+4).
   It lets you see invisible.
   It affects your SH (+5).
 u - the ring "Pufrimimm" {*Corrode rF- rN+++ Str+2 Stlth+}
   (You took it off a vault guard on level 5 of the Vaults)

   [ring of stealth]

   It affects your strength (+2).
   It makes you vulnerable to fire.
   It renders you almost immune to negative energy.
   It may corrode you when you take damage.
   It makes you more stealthy.
 D - the ring of Paskitzyo (left hand) {*Corrode rPois rC++ MR+}
   (You found it on level 5 of a ziggurat)

   [ring of protection from magic]

   It greatly protects you from cold.
   It protects you from poison.
   It affects your resistance to hostile enchantments.
   It may corrode you when you take damage.
 H - the amulet of Gokloh {rC+ Regen+ Str+2 Int+3 Dex+4}
   (You found it on level 3 of the Crypt)

   [amulet of regeneration]

   It affects your strength (+2).
   It affects your intelligence (+3).
   It affects your dexterity (+4).
   It protects you from cold.
   It increases your rate of regeneration.
 P - the ring "Kier" {rPois MR+ Str+6 Dex+3 Stlth+}
   (You found it on level 5 of the Pits of Slime)

   [ring of strength]

   It affects your strength (+6).
   It affects your dexterity (+3).
   It protects you from poison.
   It affects your resistance to hostile enchantments.
   It makes you more stealthy.
 V - the ring "Xoexicw" (right hand) {rF++ Dex+6 SInv}
   (You bought it in a shop on level 2 of the Orcish Mines)

   [ring of dexterity]

   It affects your dexterity (+6).
   It greatly protects you from fire.
   It lets you see invisible.
Wands
 c - a wand of disintegration (64)
 s - a wand of digging (14)
 O - a wand of paralysis (35)
 W - a wand of acid (9)
 Y - a wand of enslavement (13)
 Z - a wand of iceblast (38)
Scrolls
 l - 3 scrolls of silence
 q - 18 scrolls of identify
 w - 38 scrolls of remove curse
 B - 13 scrolls of fear
 C - 11 scrolls of teleportation
 I - 5 scrolls of magic mapping
 J - 17 scrolls of fog
 R - 7 scrolls of blinking
 T - 6 scrolls of summoning
Potions
 d - 16 potions of curing
 f - 3 potions of ambrosia
 p - 5 potions of mutation
 r - 6 potions of stabbing
 y - a potion of berserk rage
 z - 5 potions of cancellation
 E - 3 potions of flight
 F - 4 potions of haste
 G - 4 potions of resistance
 K - 2 potions of might
 S - 2 potions of heal wounds
Books
 h - a manual of Evocations
 n - a manual of Invocations
 x - a manual of Earth Magic
 N - a manual of Dodging
Miscellaneous
 g - a phantom mirror
 m - a lightning rod (4/4)
 o - a phial of floods
 t - a box of beasts (3/3)


   Skills:
 + Level 22.1 Fighting
 O Level 27 Short Blades
   Level 1.0 Axes
 - Level 1.1 Throwing
 + Level 13.1 Armour
 * Level 23.0 Dodging
 O Level 27 Stealth
 + Level 20.9 Shields
 * Level 15.0 Invocations
 * Level 22.8 Evocations


You had 26 spell levels left.
You didn't know any spells.
Your spell library contained the following spells:

 Spells                   Type           Power        Failure   Level
 Animate Skeleton         Necr           #.....       100%        1
 Apportation              Tloc           #.....       100%        1
 Beastly Appendage        Tmut           #.....       100%        1
 Corona                   Hex            #......      100%        1
 Foxfire                  Conj/Fire      #...         100%        1
 Freeze                   Ice            #...         100%        1
 Magic Dart               Conj           #...         100%        1
 Pain                     Necr           #...         100%        1
 Sandblast                Erth           #.....       100%        1
 Sting                    Tmut/Pois      #...         100%        1
 Summon Small Mammal      Summ           #...         100%        1
 Blink                    Tloc           N/A          100%        2
 Call Imp                 Summ           #.......     100%        2
 Corpse Rot               Necr/Air       N/A          100%        2
 Ensorcelled Hibernation  Hex/Ice        #.....       100%        2
 Passwall                 Tmut/Erth      #.......     100%        2
 Poisonous Vapours        Pois/Air       #.....       100%        2
 Searing Ray              Conj           #.....       100%        2
 Slow                     Hex            #.......     100%        2
 Swiftness                Air            #.......     100%        2
 Wereblood                Tmut           #.......     100%        2
 Call Canine Familiar     Summ           #.......     100%        3
 Confusing Touch          Hex            #.......     100%        3
 Conjure Flame            Conj/Fire      #.......     100%        3
 Dazzling Flash           Conj/Hex       #.....       100%        3
 Frozen Ramparts          Ice            #.....       100%        3
 Gell's Gravitas          Tloc           #.........   100%        3
 Ignite Poison            Fire/Tmut/Pois #.......     100%        3
 Inner Flame              Hex/Fire       #.......     100%        3
 Lesser Beckoning         Tloc           #.........   100%        3
 Mephitic Cloud           Conj/Pois/Air  #.......     100%        3
 Portal Projectile        Hex/Tloc       #.....       100%        3
 Spider Form              Tmut/Pois      #.........   100%        3
 Static Discharge         Conj/Air       #.......     100%        3
 Stone Arrow              Conj/Erth      #.....       100%        3
 Summon Guardian Golem    Hex/Summ       #.......     100%        3
 Teleport Other           Tloc           #.......     100%        3
 Tukima's Dance           Hex            #.......     100%        3
 Vampiric Draining        Necr           #.........   100%        3
 Airstrike                Air            #.........   100%        4
 Animate Dead             Necr           #.........   100%        4
 Cause Fear               Hex            #.........   100%        4
 Fulminant Prism          Conj/Hex       #.........   100%        4
 Hailstorm                Conj/Ice       #.......     100%        4
 Ice Form                 Ice/Tmut       #.......     100%        4
 Iskenderun's Mystic Bla  Conj/Tloc      #.......     100%        4
 Leda's Liquefaction      Hex/Erth       #.........   100%        4
 Olgreb's Toxic Radiance  Pois           #.......     100%        4
 Petrify                  Tmut/Erth      #.......     100%        4
 Sticky Flame             Conj/Fire      #.......     100%        4
 Summon Lightning Spire   Summ/Air       #.......     100%        4
 Agony                    Necr           #.......     100%        5
 Blade Hands              Tmut           #.........   100%        5
 Bolt of Magma            Conj/Fire/Erth #.........   100%        5
 Fireball                 Conj/Fire      #.........   100%        5
 Iskenderun's Battlesphe  Conj           #.......     100%        5
 Lee's Rapid Deconstruct  Erth           #.........   100%        5
 Lightning Bolt           Conj/Air       #.........   100%        5
 Metabolic Englaciation   Hex/Ice        #.........   100%        5
 Silence                  Hex/Air        #.........   100%        5
 Summon Demon             Summ           #.........   100%        5
 Summon Forest            Summ/Tloc      #.........   100%        5
 Yara's Violent Unravell  Hex/Tmut       #.........   100%        5
 Dispersal                Tloc           #.........   100%        6
 Freezing Cloud           Conj/Ice/Air   #.........   100%        6
 Invisibility             Hex            #.......     100%        6
 Iron Shot                Conj/Erth      #.........   100%        6
 Starburst                Conj/Fire      #.........   100%        6
 Dragon Form              Tmut           #.........   100%        7
 Malign Gateway           Summ/Tloc      #.........   100%        7
 Orb of Destruction       Conj           #.........   100%        7
 Spellforged Servitor     Conj/Summ      #.........   100%        7
 Controlled Blink         Tloc           N/A          100%        8
 Discord                  Hex            #.........   100%        8
 Disjunction              Tloc           #.........   100%        8
 Dragon's Call            Summ           #.........   100%        9
 Passage of Golubria      Tloc           Unusable     N/A         4

Dungeon Overview and Level Annotations

Branches:
Dungeon (15/15)            Temple (1/1) D:6            Lair (6/6) D:9
 Shoals (4/4) Lair:2        Snake (4/4) Lair:2        Slime (5/5) Lair:5
    Orc (2/2) D:12            Elf (3/3) Orc:2        Vaults (5/5) D:14
  Crypt (3/3) Vaults:3       Tomb (0/3) Crypt:3      Depths (5/5) D:15
    Zot (5/5) Depths:5      Sewer (visited)          Bailey (visited)
Gauntlet (visited)

Altars:
Cheibriados
Dithmenos
Elyvilon
Fedhas
Hepliaklqana
Kikubaaqudgha
Makhleb
Nemelex Xobeh
Okawaru
Qazlal
Ru
Sif Muna
Trog
Vehumet
Wu Jian
Xom
Jiyva

Shops:
D:5 *   D:7 [   Orc:2 [=*(*   Elf:2 [}[   Vaults:2 (   Vaults:3 (   Vaults:4 =
Depths:1 (:=}

Portals:
Hell: Depths:1 Depths:2 Depths:3 Depths:4 Depths:5
Abyss: Depths:2 Depths:3 Depths:4
Pandemonium: Depths:3 Depths:4 Depths:5

Annotations:
Lair:6 exclusion: 4 oklob plants
Zot:3 3 runed translucent doors, Canky's ghost, master TrAr


Innate Abilities, Weirdness & Mutations

You are small and have problems with some larger weapons.
You are completely attuned to the shadows.
You have sharp toenails.
You are dopey. (Int -2)
Your flesh is heat resistant. (rF+)
You are resistant to hostile enchantments. (MR+)
You evolve.


Message History

(H) Hell (Z) Zot
Where to? (Enter - D:1, ? - help) HP restored.
There is a stone staircase leading up here.
You climb upwards.
There is a stone staircase leading down here.
There is a stone staircase leading up here.
You climb upwards.
There is a stone staircase leading down here.
You open the door.
There is an open door here.
You see here a +0 club.
You enter the shallow water.
Moving in this stuff is going to be slow.
You see here a cursed -2 club.
There is an open door here.
You see here a +0 club.
There is an open door here.
There is a staircase leading out of the dungeon here.
You have escaped!

#..'...'..###.############
#..#.#.#..#..>............
####.#.##################.
#..#...#..# ########.
#..'...'.(# #........
#..#...#..# #........
####...#### #........
#.P#...#..# #........
#..'...'.@# #........
#P†#..)#..# #........
#####'##### #........ #.#
######### #.# #.# #.# #.#
#.#


There were no monsters in sight!

Vanquished Creatures
  the Royal Jelly (Slime:5)
  4 orbs of fire
  Mara (Vaults:5)
  Mennas (Depths:4)
  A juggernaut (Depths:4)
  5 ancient liches
  Sojobo (Vaults:3)
  A pandemonium lord (Depths:2)
  Xtahua (Crypt:2)
  Frederick (Vaults:5)
  Saint Roka (Vaults:3)
  4 curse toes
  4 Killer Klowns
  2 caustic shrikes
  5 golden dragons
  2 golden dragons (shapeshifter)
  Jory (Vaults:3)
  A profane servitor (Zig:4)
  5 bone dragons
  5 electric golems
  15 tentacled monstrosities
  2 Hell Sentinels (Zig:8)
  7 liches
  Asterion (Snake:1)
  25 Orb Guardians
  14 titans
  7 quicksilver dragons
  4 deep elf blademasters
  3 deep elf master archers
  21 acid blobs
  2 sphinxes
  2 Executioners (Abyss:1)
  10 tentacled starspawn
  An ancient champion (Crypt:1)
  6 death cobs
  9 shadow dragons
  Frances (Shoals:1)
  Polyphemus (Shoals:3)
  A kraken (Shoals:3)
  Donald (Shoals:1)
  Kirke (D:13)
  8 tengu reavers
  A storm dragon (shapeshifter) (Depths:2)
  17 draconian monks
  Roxanne (Snake:1)
  9 storm dragons
  8 azure jellies
  7 revenants
  20 vault wardens
  19 fire giants
  A daeva (D:3)
  An orc warlord (Zig:2)
  A frost giant (shapeshifter) (Vaults:4)
  9 nagarajas
  7 draconian knights
  A ghost moth (shapeshifter) (Vaults:5)
  A juggernaut zombie (Depths:2)
  Aizul (Snake:1)
  22 frost giants
  A balrug (Depths:2)
  4 iron dragons
  4 ghost moths
  6 draconian scorchers
  11 deep elf sorcerers
  3 curse skulls
  10 draconian shifters
  An iron dragon (shapeshifter) (Depths:3)
  Louise (Shoals:1)
  9 ironheart preservers
  4 deep elf elementalists
  A war gargoyle (Depths:3)
  40 very ugly things
  7 reapers
  9 draconian stormcallers
  The ghost of Woek Giwo the Severer, a journeyman MiHu of Hepliaklqana (Lair:5)
  10 draconian annihilators
  32 stone giants
  A spriggan defender (Depths:2)
  3 entropy weavers
  18 starcursed masses
  Nessos (D:14)
  2 lorocyprocas
  14 deep elf annihilators
  10 deep elf demonologists
  10 green draconians
  Azrael (Elf:2)
  8 vampire knights
  A minotaur (Gauntlet)
  13 red draconians
  7 purple draconians
  A spark wasp (shapeshifter) (Depths:2)
  4 spark wasps
  15 black draconians
  16 white draconians
  11 yellow draconians
  13 eidola
  A mummy priest (Crypt:3)
  7 merfolk javelineers
  Snorg (Lair:5)
  17 ettins
  4 death oozes (Slime:5)
  12 deep elf death magi
  5 fire dragons
  A quicksilver dragon zombie (Abyss:1)
  The ghost of p0werm0de the Cleaver, a journeyman DDFi of Gozag (D:11)
  Josephine (Shoals:1)
  The ghost of Ehic the Severer, a journeyman HOMo of Beogh (D:9)
  10 merfolk impalers
  10 yaktaur captains
  12 great orbs of eyes
  7 deep elf high priests
  A crystal guardian (Depths:3)
  4 rakshasas
  Erolcha (D:11)
  An ice dragon (shapeshifter) (Vaults:5)
  2 hell beasts
  25 vault guards
  The ghost of 1player the Grappler, a novice TrCK of Xom (D:9)
  3 catoblepae
  5 hydras
  7 ice dragons
  A juggernaut simulacrum (Depths:2)
  8 spriggan air magi
  13 centaur warriors
  4 death knights (Crypt:1)
  4 merfolk aquamancers
  5 merfolk avatars
  6 satyrs
  35 dancing weapons
  18 naga warriors
  10 ogre magi
  The ghost of Wiawib the Basher, a journeyman GrFi of Trog (Lair:1)
  8 anacondas
  21 two-headed ogres
  8 death yaks
  8 tengu warriors
  The ghost of Benoo the Slinger, a journeyman SpHu (D:9)
  9 deep troll shamans
  6 hell hogs
  13 naga sharpshooters
  13 deep troll earth magi
  4 spriggan berserkers
  2 death scarabs (Zig:1)
  9 shock serpents
  A titan zombie (Crypt:3)
  9 soul eaters
  8 thrashing horrors
  Urug (Lair:4)
  3 sun demons
  2 orc high priests
  The ghost of pk666 the Thaumaturge, a journeyman DEWz of Vehumet (Lair:5)
  2 iron golems (Zig:8)
  7 wretched stars
  Nergalle (Lair:1)
  22 deep elf knights
  4 storm dragon zombies (Crypt:3)
  A shadow wraith (Vaults:5)
  The ghost of Podwin the Thaumaturge, a novice DEFE of Vehumet (D:9)
  A hell knight (D:15)
  2 death drakes
  30 deep trolls
  A storm dragon skeleton (Abyss:1)
  12 skeletal warriors
  11 sea snakes
  5 unseen horrors
  5 salamander mystics
  4 flayed ghosts
  An unseen horror (shapeshifter) (Vaults:3)
  7 naga ritualists
  The ghost of TrebMcFLY the Frost Mage, a novice OpIE of Vehumet (D:9)
  15 deep elf archers
  6 glowing orange brains
  2 tengu zombies
  19 phantasmal warriors
  4 wizards
  15 large abominations
  16 ironbrand convokers
  14 harpies
  5 wolf spiders
  A wolf spider zombie (Crypt:3)
  2 mana vipers (shapeshifter)
  19 necromancers
  15 orc knights
  3 oklob plants (Lair:5)
  49 ugly things
  6 frost giant zombies
  4 mana vipers
  84 deep elf magi
  3 stone giant zombies
  2 lindwurms (Depths:4)
  3 shining eyes
  2 fire giant zombies
  11 salamanders
  6 orc sorcerers
  12 manticores
  13 fauns
  A sphinx skeleton (Vaults:2)
  3 apocalypse crabs (Zig:7)
  Joseph (D:7)
  25 moths of wrath
  5 worldbinders
  20 black mambas
  A faun (shapeshifter) (Vaults:5)
  3 guardian serpents
  3 iron dragon skeletons (Crypt:3)
  A moth of wrath (shapeshifter) (Abyss:3)
  8 merfolk sirens
  2 stone giant skeletons
  A spriggan zombie (Depths:2)
  2 guardian serpents (shapeshifter)
  Psyche (D:12)
  3 fire giant skeletons
  A shock serpent skeleton (Crypt:2)
  6 cyclopes
  3 eyes of devastation
  2 rust devils
  A dire elephant zombie (Crypt:3)
  4 water nymphs
  14 vault sentinels
  5 smoke demons
  18 naga magi
  2 frost giant skeletons
  4 gargoyles
  A water nymph (shapeshifter) (Vaults:2)
  An orange demon (Depths:2)
  5 komodo dragons
  6 cane toads
  2 tormentors
  Maggie (D:7)
  3 human zombies
  3 efreet
  A hellion (Depths:4)
  7 rime drakes
  A dire elephant skeleton (Crypt:3)
  A demonic crawler (Abyss:1)
  2 redback zombies (Crypt:1)
  43 yaktaurs
  13 hellwings (Crypt:3)
  A rime drake (shapeshifter) (D:15)
  3 red devils
  A komodo dragon (shapeshifter) (Depths:1)
  An ice devil (Zig:5)
  17 freezing wraiths
  4 ancient zymes
  6 trolls
  A harpy zombie (Crypt:3)
  28 merfolk
  A black draconian skeleton (Crypt:2)
  A wind drake (shapeshifter) (Depths:2)
  A merfolk (shapeshifter) (Depths:3)
  5 meliai
  42 slime creatures
  4 polar bears
  6 wind drakes
  5 jumping spiders
  A polar bear (shapeshifter) (Vaults:1)
  6 raiju
  3 jumping spiders (shapeshifter)
  A meliai (shapeshifter) (Vaults:3)
  6 tengu conjurers
  A slime creature (shapeshifter) (Depths:3)
  A hydra zombie (Crypt:3)
  An ettin zombie (Vaults:2)
  18 blink frogs
  A hydra skeleton (Crypt:3)
  2 harpy skeletons
  11 hornets
  2 meliai zombies (D:15)
  A blink frog (shapeshifter) (Vaults:3)
  2 fire dragon zombies
  17 dream sheep
  An iron dragon simulacrum (Depths:2)
  12 hippogriffs
  8 air elementals
  12 snapping turtles
  A black mamba zombie (Crypt:3)
  8 redbacks
  A vampire (D:12)
  7 wyverns
  A spriggan (shapeshifter) (Vaults:4)
  4 shadows
  A wyvern (shapeshifter) (Vaults:5)
  4 ynoxinuls
  A redback (shapeshifter) (Vaults:4)
  12 water elementals
  22 wraiths
  36 yaks
  A hog (D:13)
  21 spriggans
  A basilisk (Abyss:1)
  2 spriggan skeletons
  7 fire elementals
  A steam dragon (D:7)
  An ice dragon skeleton (Crypt:3)
  2 ushabtiu (Crypt:3)
  Sigmund (D:3)
  A yak (shapeshifter) (Vaults:5)
  2 fire dragon skeletons
  13 golden eyes
  4 neqoxecs
  5 chaos spawn
  5 vampire mosquitoes
  2 wargs (Orc:2)
  3 acid dragons
  A spatial vortex (Abyss:3)
  22 nagas
  A monstrous demonspawn zombie (Crypt:2)
  A swamp worm (shapeshifter) (Depths:3)
  15 water moccasins
  Edmund (D:4)
  A cane toad zombie (Crypt:3)
  A faun skeleton (Crypt:1)
  4 hell hounds
  A deep troll skeleton (Vaults:2)
  A floating eye (shapeshifter) (Depths:2)
  2 swamp drakes (Depths:4)
  13 porcupines
  6 ice beasts
  4 sky beasts
  7 black bears
  45 orc warriors
  38 ogres
  6 eyes of draining
  5 phantoms
  A black mamba simulacrum (Abyss:3)
  An ettin simulacrum (Depths:2)
  30 boggarts
  34 wolves
  41 centaurs
  A human skeleton (Vaults:2)
  An elephant skeleton (Crypt:1)
  A manticore skeleton (Crypt:3)
  13 crocodiles
  3 big kobolds
  13 bullfrogs
  A hog skeleton (Crypt:2)
  An elf zombie (Crypt:2)
  3 earth elementals
  A gnoll sergeant (D:9)
  A cane toad simulacrum (Crypt:2)
  6 wyvern skeletons (Crypt:3)
  5 scorpions
  13 killer bees
  A water moccasin skeleton (D:8)
  12 wights
  A vampire bat (Orc:2)
  2 howler monkeys (D:7)
  A troll skeleton (Crypt:1)
  5 electric eels
  10 centaur zombies
  A wolf skeleton (Crypt:2)
  10 small abominations
  A bullfrog zombie (D:11)
  A human simulacrum (Vaults:3)
  3 lava snakes (Snake:3)
  3 quasits
  5 hounds
  6 jellies
  2 bullfrog skeletons
  16 orc priests
  29 orc wizards
  14 centaur skeletons
  4 iguanas
  8 worker ants
  A tengu simulacrum (Depths:2)
  A big kobold skeleton (Crypt:2)
  An ogre skeleton (Crypt:3)
  A sky beast zombie (Crypt:1)
  A hound zombie (D:11)
  2 hound skeletons
  3 mummies
  A howler monkey skeleton (Crypt:2)
  8 gnolls
  16 adders
  3 river rats (Sewer)
  3 shadow imps
  4 white imps
  5 ufetubi
  4 oozes
  An adder zombie (D:7)
  An adder skeleton (D:9)
  6 worms
  2 dart slugs
  7 leopard geckos
  81 orcs
  8 bats
  11 giant cockroaches
  8 goblins
  7 hobgoblins
  13 jackals
  36 kobolds
  3 quokkas
  9 ball pythons
  A ball python skeleton (Crypt:2)
  A dart slug zombie (Crypt:2)
  7 frilled lizards
  30 rats
  4 crawling corpses
  A plant (Shoals:1)
  A starspawn tentacle (Abyss:1)
  2 withered plants (Crypt:3)
2847 creatures vanquished.

Vanquished Creatures (collateral kills)
  An ancient lich (Zot:5)
  2 Orb Guardians (Zot:5)
  A faun (Shoals:3)
  A merfolk siren (Shoals:4)
  A merfolk (Shoals:2)
  A snapping turtle (Shoals:2)
  A water elemental (Shoals:4)
  An orc warrior (Orc:2)
  A centaur (Shoals:4)
10 creatures vanquished.

Vanquished Creatures (others)
  A draconian knight (Zot:1)
  A frost giant (Abyss:2)
  A draconian stormcaller (Zot:3)
  A stone giant (Abyss:1)
  A very ugly thing (Depths:1)
  2 deep elf annihilators (Elf:3)
  3 black draconians
  A merfolk impaler (Shoals:4)
  A deep elf high priest (Elf:3)
  A hydra (Lair:6)
  An anaconda (Snake:3)
  2 dancing weapons
  A sea snake (Shoals:4)
  An orc knight (Orc:2)
  A black mamba (Lair:6)
  A naga mage (Snake:3)
  A raiju (Abyss:3)
  A snapping turtle (Shoals:4)
  A human (D:13)
  2 chaos spawn
  An ice beast (D:13)
  A quasit (D:13)
  An orc priest (D:13)
  3 bushes (Lair:6)
  51 fungi
  2 lurking horrors (Abyss:1)
  95 plants
  12 starspawn tentacles
  8 tentacles (Shoals:3)
  2 withered plants (Crypt:3)
201 creatures vanquished.

Grand Total: 3058 creatures vanquished

Notes
Turn   | Place    | Note
-------+----------+-------------------------------------------
     0 | D:1      | Inarius the Kobold Wanderer began the quest for the Orb.
     0 | D:1      | Inarius set off with the following items: a +0 dagger, a
                  | scroll of teleportation, 14 poisoned darts, a wand of flame
                  | (15), a +0 robe
     0 | D:1      | Reached XP level 1. HP: 12/12 MP: 1/1
    77 | D:1      | Reached XP level 2. HP: 14/17 MP: 2/2
   104 | D:1      | Reached skill level 5 in Short Blades
   805 | D:1      | Reached XP level 3. HP: 21/21 MP: 3/3
  1768 | D:2      | Reached XP level 4. HP: 27/27 MP: 4/4
  2039 | D:2      | Reached skill level 1 in Stealth
  2488 | D:2      | Reached XP level 5. HP: 32/32 MP: 5/5
  3195 | D:3      | Noticed Sigmund
  3199 | D:3      | Killed Sigmund
  3199 | D:3      | Reached skill level 1 in Dodging
  3199 | D:3      | Reached XP level 6. HP: 37/37 MP: 6/6
  4123 | D:3      | Reached XP level 7. HP: 36/41 MP: 3/7
  4706 | D:4      | Found a radiant altar of Vehumet.
  4742 | D:4      | Noticed Edmund
  4745 | D:4      | Killed Edmund
  4790 | D:4      | Found a glowing drain.
  4801 | Sewer    | Entered a sewer
  6118 | D:4      | Reached skill level 5 in Stealth
  6335 | D:4      | Found a sacrificial altar of Ru.
  6336 | D:4      | Found a burning altar of Makhleb.
  6336 | D:4      | Found a shadowy altar of Dithmenos.
  6349 | D:4      | Found a sparkling altar of Nemelex Xobeh.
  6461 | D:4      | Noticed a hippogriff
  6478 | D:4      | Killed a hippogriff
  6478 | D:4      | Reached XP level 8. HP: 18/48 MP: 2/8
  6757 | D:4      | Found a hazy altar of Hepliaklqana.
  6757 | D:4      | Found an ornate altar of the Wu Jian Council.
  6838 | D:5      | Entered Level 5 of the Dungeon
  7706 | D:5      | Found a shimmering blue altar of Sif Muna.
  7946 | D:5      | Found Vehyel's General Store.
  7949 | D:5      | Bought a potion of lignification for 33 gold pieces
  7949 | D:5      | Bought a +2 pair of boots of rampaging for 236 gold pieces
  8500 | D:6      | Found a staircase to the Ecumenical Temple.
  8508 | Temple   | Entered the Ecumenical Temple
  8520 | Temple   | Became a worshipper of Warmaster Okawaru
  8974 | D:7      | Reached XP level 9. HP: 52/52 MP: 9/9
  8994 | D:7      | Reached skill level 10 in Short Blades
  8995 | D:7      | Reached skill level 5 in Dodging
  9118 | D:7      | Noticed Joseph
  9137 | D:7      | Killed Joseph
  9137 | D:7      | Reached * piety under Okawaru
  9186 | D:7      | Found a flagged portal.
  9186 | D:7      | Noticed Maggie
  9192 | Bailey   | Entered a bailey
  9298 | Bailey   | Got a heavily runed cloak
  9309 | Bailey   | Identified the cursed +0 cloak of Valiance {+Fly rN+} (You
                  | found it in a bailey)
  9582 | Bailey   | Noticed an orc knight
  9590 | Bailey   | Killed an orc knight
  9590 | Bailey   | Reached skill level 5 in Fighting
  9590 | Bailey   | Reached skill level 5 in Evocations
  9590 | Bailey   | Reached XP level 10. HP: 41/59 MP: 10/10
  9657 | Bailey   | Found a bloodstained altar of Trog.
  9755 | D:7      | Reached ** piety under Okawaru
  9877 | D:7      | Killed Maggie
  9967 | D:7      | Found Pestri's Armour Emporium.
 10189 | D:7      | Bought a +0 pair of boots of stealth for 172 gold pieces
 10805 | D:8      | Found a blossoming altar of Fedhas.
 10808 | D:8      | Found a stormy altar of Qazlal.
 10812 | D:8      | Reached skill level 10 in Stealth
 11455 | D:8      | Reached *** piety under Okawaru
 12137 | D:9      | Noticed a death yak
 12139 | D:9      | Found a staircase to the Lair.
 12175 | D:9      | Killed a death yak
 12300 | D:9      | Reached XP level 11. HP: 25/64 MP: 11/11
 12498 | D:9      | Noticed a death yak
 12500 | D:9      | Killed a death yak
 12500 | D:9      | Reached **** piety under Okawaru
 12502 | D:9      | Noticed a death yak
 12502 | D:9      | Noticed a death yak
 12503 | D:9      | Noticed a death yak
 12527 | D:9      | Killed a death yak
 12541 | D:9      | Killed a death yak
 12687 | D:9      | Killed a death yak
 13208 | D:9      | Reached ***** piety under Okawaru
 14329 | D:9      | Found a runed translucent gate.
 14330 | D:9      | Found a runed translucent gate.
 14330 | D:9      | Noticed 1player's ghost (novice TrCK)
 14331 | D:9      | Found a runed translucent gate.
 14335 | D:9      | Noticed Ehic's ghost (journeyman HOMo)
 14699 | D:9      | Noticed Benoo's ghost (journeyman SpHu)
 14700 | D:9      | Noticed TrebMcFLY's ghost (novice OpIE)
 14714 | D:10     | Entered Level 10 of the Dungeon
 14866 | D:10     | Noticed a centaur warrior
 14868 | D:10     | Killed a centaur warrior
 15287 | D:10     | Reached XP level 12. HP: 72/72 MP: 12/12
 16441 | D:11     | Noticed a two-headed ogre
 16467 | D:11     | Killed a two-headed ogre
 16467 | D:11     | Received a gift from Okawaru
 17041 | D:11     | Killed an unseen horror
 17420 | D:11     | Noticed Erolcha
 17424 | D:11     | Killed Erolcha
 17445 | D:11     | Found a large runed translucent door.
 17446 | D:11     | Found a large runed translucent door.
 17855 | Lair:1   | Entered Level 1 of the Lair of Beasts
 17998 | Lair:1   | Found a transporter.
 18064 | Lair:1   | Noticed an eight-headed hydra
 18162 | Lair:1   | Found a transporter.
 18163 | Lair:1   | Identified the +12 trident "Q" {vamp, *Corrode rC+ rN+
                  | Dex+2}
 18163 | Lair:1   | Noticed a spriggan rider
 18263 | Lair:1   | Noticed a five-headed hydra
 18265 | Lair:1   | Killed a five-headed hydra
 18324 | Lair:1   | Received a gift from Okawaru
 18362 | Lair:1   | Reached XP level 13. HP: 77/78 MP: 13/13
 18404 | Lair:1   | Noticed Nergalle
 18407 | Lair:1   | Killed Nergalle
 18870 | Lair:2   | Found a staircase to the Snake Pit.
 18987 | Lair:2   | Noticed a seven-headed hydra
 18991 | Lair:2   | Killed a seven-headed hydra
 18991 | Lair:2   | Reached skill level 10 in Evocations
 19184 | Lair:2   | Reached skill level 10 in Dodging
 19523 | Lair:2   | Identified a scroll of acquirement
 19524 | Lair:2   | Acquired a +6 quick blade
 19670 | Lair:2   | Reached skill level 15 in Short Blades
 19765 | Lair:2   | Found a staircase to the Shoals.
 20352 | Lair:3   | Reached ****** piety under Okawaru
 21410 | Lair:4   | Received a gift from Okawaru
 21411 | Lair:4   | Found the +3 warlock's mirror {reflect}
 21533 | Lair:4   | Noticed Urug
 21567 | Lair:4   | Killed Urug
 23070 | Lair:5   | Reached XP level 14. HP: 86/86 MP: 14/14
 23087 | Lair:5   | Reached skill level 15 in Stealth
 23107 | Lair:5   | Reached skill level 1 in Shields
 23177 | Lair:5   | Found a runed translucent gate.
 23177 | Lair:5   | Found a runed translucent gate.
 23212 | Lair:5   | Found a runed translucent gate.
 23303 | Lair:5   | Noticed Snorg
 23305 | Lair:5   | Killed Snorg
 23427 | Lair:5   | Found a staircase to the Slime Pits.
 23857 | Lair:6   | Entered Level 6 of the Lair of Beasts
 24402 | Lair:6   | Received a gift from Okawaru
 24567 | Lair:6   | Received a gift from Okawaru
 24757 | Lair:6   | Reached skill level 5 in Armour
 25742 | Lair:6   | Reached skill level 10 in Fighting
 26802 | Lair:5   | Noticed pk666's ghost (journeyman DEWz)
 26802 | Lair:5   | Noticed Woek Giwo's ghost (journeyman MiHu)
 26805 | Lair:5   | Killed pk666's ghost
 26809 | Lair:5   | Killed Woek Giwo's ghost
 26809 | Lair:5   | Reached XP level 15. HP: 92/92 MP: 15/15
 26982 | Lair:1   | Noticed Wiawib's ghost (journeyman GrFi)
 27005 | Lair:1   | Found a bloodstained altar of Trog.
 27016 | Lair:1   | Killed Wiawib's ghost
 27023 | Lair:1   | Reached skill level 5 in Shields
 27174 | Lair:1   | Identified a +1 pair of boots of running (You found it on
                  | level 1 of the Lair of Beasts)
 27308 | D:11     | Noticed p0werm0de's ghost (journeyman DDFi)
 27383 | D:11     | Killed p0werm0de's ghost
 27389 | D:11     | Got a steaming brass ring
 27391 | D:11     | Identified the ring of Momerph {Wiz +Fly rPois Dex-3
                  | Slay+5} (You found it on level 11 of the Dungeon)
 27739 | D:9      | Noticed Podwin's ghost (novice DEFE)
 27797 | D:9      | Killed 1player's ghost
 27814 | D:9      | Killed Podwin's ghost
 27814 | D:9      | Received a gift from Okawaru
 28169 | D:9      | Killed Ehic's ghost
 28185 | D:9      | Killed TrebMcFLY's ghost
 28190 | D:9      | Got a smelly ring mail {god gift}
 28201 | D:9      | Identified the +0 ring mail of the Fletcher {rPois MR+
                  | rCorr Stlth+} (Okawaru gifted it to you on level 9 of the
                  | Dungeon)
 28315 | D:9      | Killed Benoo's ghost
 28655 | D:12     | Found a staircase to the Orcish Mines.
 28689 | Orc:1    | Entered Level 1 of the Orcish Mines
 29818 | Orc:2    | Entered Level 2 of the Orcish Mines
 29828 | Orc:2    | Found Bepikeb's Mayhem Merchandise.
 29835 | Orc:2    | Bought a wand of iceblast (10) for 182 gold pieces
 29836 | Orc:2    | Found Zulosiew's General Store.
 29860 | Orc:2    | Found Maempim's Jewellery Shoppe.
 29862 | Orc:2    | Found a staircase to the Elven Halls.
 29870 | Orc:2    | Found Suugong's Antique Weapon Shop.
 30021 | Orc:2    | Found a gate leading to a gauntlet.
 30027 | Gauntlet | Entered a Gauntlet
 30027 | Gauntlet | Found a transporter.
 30138 | Gauntlet | Found a transporter.
 30158 | Gauntlet | Found a large runed translucent door.
 30159 | Gauntlet | Found a large runed translucent door.
 30160 | Gauntlet | Found a large runed translucent door.
 30160 | Gauntlet | Found a large runed translucent door.
 30161 | Gauntlet | Found a large runed translucent door.
 30162 | Gauntlet | Found a large runed translucent door.
 30163 | Gauntlet | Found a large runed translucent door.
 30163 | Gauntlet | Found a large runed translucent door.
 30172 | Gauntlet | Found a runed translucent gate.
 30173 | Gauntlet | Found a transporter.
 30173 | Gauntlet | Found a runed translucent gate.
 30174 | Gauntlet | Found a runed translucent gate.
 30183 | Gauntlet | Found a large runed translucent door.
 30183 | Gauntlet | Found a large runed translucent door.
 30188 | Gauntlet | Found a large runed translucent door.
 30195 | Gauntlet | Found a large runed translucent door.
 30196 | Gauntlet | Found a large runed translucent door.
 30196 | Gauntlet | Found a large runed translucent door.
 30223 | Gauntlet | Found a transporter.
 30235 | Gauntlet | Found a runed translucent gate.
 30259 | Gauntlet | Found a transporter.
 30259 | Gauntlet | Noticed a reaper
 30272 | Gauntlet | Found a transporter.
 30290 | Gauntlet | Found a runed translucent gate.
 30291 | Gauntlet | Found a transporter.
 30291 | Gauntlet | Found a transporter.
 30291 | Gauntlet | Found a runed translucent gate.
 30367 | Gauntlet | Found a transporter.
 30368 | Gauntlet | Found a transporter.
 30385 | Gauntlet | Got a bloodstained cloak
 30396 | Gauntlet | Identified the cursed +0 cloak of the Solstice {rElec rN+++
                  | Str-4 Int-5} (You found it in a Gauntlet)
 30424 | Gauntlet | Found a runed translucent door.
 30424 | Gauntlet | Found a runed translucent door.
 30425 | Gauntlet | Found a large runed translucent door.
 30425 | Gauntlet | Found a large runed translucent door.
 30849 | Gauntlet | Identified the Reference Book on Lightness and Venom
 31535 | Orc:2    | Bought the ring "Xoexicw" {rF++ Dex+6 SInv} for 1220 gold
                  | pieces
 31987 | Orc:2    | Found Bukadghib's Antique Armour Shoppe.
 32005 | Orc:2    | Noticed an orc warlord
 32261 | Orc:2    | Noticed a shadow dragon
 32261 | Orc:2    | an orc warlord changed into a shadow dragon
 32314 | Orc:2    | Killed a shadow dragon
 32782 | Orc:2    | Bought a wand of acid (4) for 208 gold pieces
 32798 | Orc:2    | Bought a faintly humming leather armour for 168 gold pieces
 32812 | Orc:2    | Identified the +1 leather armour "Zudwaoseby" {rF+ rN+
                  | Int+2} (You bought it in a shop on level 2 of the Orcish
                  | Mines)
 32853 | Orc:2    | Bought a wand of iceblast (6) for 130 gold pieces
 32853 | Orc:2    | Bought a wand of iceblast (13) for 221 gold pieces
 32853 | Orc:2    | Upgraded the game from 0.26-a0-466-g989023bd0d to
                  | 0.26-a0-540-g8a0c9464d7
 32946 | D:12     | Noticed Psyche
 32958 | D:12     | Killed Psyche
 33183 | D:12     | Noticed a fire giant
 33184 | D:12     | Reached XP level 16. HP: 99/99 MP: 16/16
 33186 | D:12     | Killed a fire giant
 33186 | D:12     | Received a gift from Okawaru
 35079 | D:11     | Received a gift from Okawaru
 35082 | D:11     | Identified the +2 rapier "Grim" {vorpal, *Corrode Dex+5}
                  | (Okawaru gifted it to you on level 11 of the Dungeon)
 35152 | D:12     | Identified the +4 short sword "Zentethri" {vorpal, Int+2}
                  | (Okawaru gifted it to you on level 12 of the Dungeon)
 35237 | D:13     | Noticed Kirke
 35242 | D:13     | Killed Kirke
 35954 | D:14     | Noticed Nessos
 35958 | D:14     | Killed Nessos
 36384 | D:14     | Found a gate to the Vaults.
 36508 | D:14     | Received a gift from Okawaru
 36511 | D:14     | Identified the +5 rapier of Instant Death {vorpal, Fragile
                  | rPois Str+7 SInv} (Okawaru gifted it to you on level 14 of
                  | the Dungeon)
 36825 | D:14     | Found a blossoming altar of Fedhas.
 36858 | D:15     | Entered Level 15 of the Dungeon
 37327 | D:15     | Found a staircase to the Depths.
 37462 | D:15     | Reached XP level 17. HP: 105/105 MP: 17/17
 37479 | D:15     | Received a gift from Okawaru
 38110 | Elf:1    | Entered Level 1 of the Elven Halls
 38691 | Elf:1    | Received a gift from Okawaru
 39029 | Elf:1    | Identified the Papyrus of Companions
 40913 | Elf:2    | Received a gift from Okawaru
 41179 | Elf:2    | Found Ezuruow's Distillery.
 41229 | Elf:2    | Found Obuych's Antique Armour Shoppe.
 41241 | Elf:2    | Found Keycout's Antique Armour Emporium.
 41250 | Elf:2    | Reached XP level 18. HP: 112/112 MP: 18/18
 41275 | Elf:2    | Found Zukuf's Gadget Emporium.
 41417 | Elf:2    | Found Nuivoure's Antique Armour Emporium.
 41475 | Elf:2    | Found a runed translucent gate.
 41475 | Elf:2    | Found a runed translucent gate.
 41475 | Elf:2    | Found a runed translucent gate.
 41548 | Elf:3    | Entered Level 3 of the Elven Halls
 41597 | Elf:2    | Bought a spiked leather armour for 154 gold pieces
 41607 | Elf:2    | Identified the +2 leather armour "Kuliti Avown" {rF+ rCorr}
                  | (You bought it in a shop on level 2 of the Elven Halls)
 41618 | Elf:2    | Bought a shiny kite shield for 165 gold pieces
 41889 | Shoals:1 | Entered Level 1 of the Shoals
 41941 | Shoals:1 | Noticed Frances
 41953 | Shoals:1 | Killed Frances
 42681 | Shoals:1 | Noticed Louise
 42705 | Shoals:1 | Killed Louise
 43034 | Shoals:1 | Found a transporter.
 43043 | Shoals:1 | Noticed Donald
 43054 | Shoals:1 | Killed Donald
 43431 | Shoals:1 | Found a transporter.
 43494 | Shoals:1 | Noticed Josephine
 43567 | Shoals:1 | Killed Josephine
 44350 | Shoals:1 | Received a gift from Okawaru
 46668 | Shoals:3 | Noticed a kraken
 46672 | Shoals:3 | Killed a kraken
 46723 | Shoals:3 | Noticed Polyphemus
 46747 | Shoals:3 | Killed Polyphemus
 46991 | Shoals:4 | Entered Level 4 of the Shoals
 47179 | Shoals:3 | Received a gift from Okawaru
 47395 | Shoals:3 | Reached XP level 19. HP: 119/119 MP: 19/19
 48190 | Shoals:4 | Identified Fuezirr's Incunabulum of the Voyage
 49883 | Shoals:4 | Identified the ring of the Hundredfold Tales {*Slow rN++
                  | Int+5 Stlth+} (You found it on level 4 of the Shoals)
 50267 | Shoals:4 | Got a barnacled rune of Zot
 51080 | Snake:1  | Entered Level 1 of the Snake Pit
 51174 | Snake:1  | Noticed Aizul
 51178 | Snake:1  | Killed Aizul
 51207 | Snake:1  | Noticed Roxanne
 51246 | Snake:1  | Killed Roxanne
 51573 | Snake:1  | Found a burning altar of Makhleb.
 51664 | Snake:1  | Received a gift from Okawaru
 51802 | Snake:1  | Noticed Asterion
 51806 | Snake:1  | Killed Asterion
 54393 | Snake:3  | Found an ancient bone altar of Kikubaaqudgha.
 54754 | Snake:3  | Reached skill level 10 in Shields
 54786 | Snake:3  | Reached XP level 20. HP: 108/126 MP: 18/20
 56166 | Snake:3  | Found a sacrificial altar of Ru.
 56428 | Snake:3  | Found a sacrificial altar of Ru.
 56594 | Snake:4  | Entered Level 4 of the Snake Pit
 56652 | Snake:3  | Received a gift from Okawaru
 58198 | Snake:4  | Received a gift from Okawaru
 59648 | Snake:4  | Got a serpentine rune of Zot
 60213 | Elf:2    | Bought quicksilver dragon scales for 1500 gold pieces
 60390 | Vaults:1 | Entered Level 1 of the Vaults
 61294 | Vaults:1 | Reached XP level 21. HP: 132/132 MP: 21/21
 62650 | Vaults:2 | Found a shimmering altar of Xom.
 63144 | Vaults:2 | Received a gift from Okawaru
 63387 | Vaults:2 | Identified the +1 rapier "Fafiseloa" {venom, Int+4}
                  | (Okawaru gifted it to you on level 2 of the Vaults)
 64282 | Vaults:2 | Received a gift from Okawaru
 65330 | Vaults:2 | Reached skill level 15 in Fighting
 65353 | Vaults:2 | Found Juarchumm's Antique Weapon Boutique.
 65495 | Vaults:3 | Noticed Jory
 65498 | Vaults:3 | Killed Jory
 65500 | Vaults:3 | You fall into a shaft and drop 1 floor!
 65644 | Vaults:4 | Reached XP level 22. HP: 105/140 MP: 17/22
 66389 | Vaults:3 | Received a gift from Okawaru
 66706 | Vaults:3 | Noticed Saint Roka
 66742 | Vaults:3 | Noticed Sojobo
 67234 | Vaults:3 | Killed Sojobo
 67308 | Vaults:3 | Cast into level 4 of the Abyss (a lich)
 67491 | Abyss:4  | Found a snail-covered altar of Cheibriados.
 67838 | Abyss:4  | Paralysed by accursed screaming for 1 turns
 67857 | Abyss:4  | Found a transporter.
 67878 | Abyss:4  | Paralysed by accursed screaming for 1 turns
 68399 | Vaults:3 | Escaped the Abyss
 68622 | Vaults:3 | Received a gift from Okawaru
 68896 | Vaults:3 | Killed Saint Roka
 69286 | Vaults:3 | Found Nearust's Antique Weapon Shop.
 69543 | Vaults:3 | Found a staircase to the Crypt.
 70332 | Vaults:3 | Received a gift from Okawaru
 70337 | Vaults:3 | Identified the +0 kite shield "Tiantie" {*Drain MR++}
                  | (Okawaru gifted it to you on level 3 of the Vaults)
 71157 | Vaults:4 | Reached XP level 23. HP: 146/146 MP: 23/23
 71715 | Vaults:4 | Reached skill level 15 in Evocations
 71831 | Vaults:4 | Reached skill level 15 in Dodging
 72159 | Vaults:4 | Noticed a golden dragon
 72186 | Vaults:4 | Killed a golden dragon
 72944 | Vaults:4 | Received a gift from Okawaru
 72947 | Vaults:4 | Identified the +0 cloak "Qyhad" {rElec Str-5 SInv Stlth+}
                  | (Okawaru gifted it to you on level 4 of the Vaults)
 73069 | Vaults:4 | Found Coerph's Jewellery Shoppe.
 73075 | Vaults:4 | Bought an uncursed ring of protection from cold for 500
                  | gold pieces
 73514 | Depths:1 | Entered Level 1 of the Depths
 73547 | Depths:1 | Found Deptejer's Gadget Shop.
 73805 | Depths:1 | Found a gateway to Hell.
 74235 | Depths:1 | Found Zaveqigepn's Jewellery Boutique.
 74571 | Depths:1 | Found Docrase's Book Shoppe.
 74971 | Depths:1 | Bought an uncursed amulet of reflection for 600 gold pieces
 75174 | Depths:1 | Found Zupiakh's Antique Weapon Emporium.
 76711 | Depths:2 | Reached XP level 24. HP: 133/152 MP: 23/23
 76984 | Depths:2 | Identified the +1 leather armour "Koodwaly" {Rampage Str+3}
                  | (You found it on level 2 of the Depths)
 77013 | Depths:2 | Found a one-way gate to the infinite horrors of the Abyss.
 78160 | Depths:2 | Received a gift from Okawaru
 79652 | Depths:3 | Identified the +0 ring mail of the New World {rC++ Dex+4
                  | SInv} (You found it on level 3 of the Depths)
 79851 | Depths:3 | Found a one-way gate leading to the halls of Pandemonium.
 80410 | Depths:3 | Identified the +9 rapier "Qahim" {flame, Stlth+}
 81918 | Depths:2 | Received a gift from Okawaru
 83317 | Depths:3 | Noticed a golden dragon
 83348 | Depths:3 | Killed a golden dragon
 83470 | Depths:3 | Reached XP level 25. HP: 160/160 MP: 23/23
 85117 | Depths:4 | Noticed Mennas
 85118 | Depths:4 | Noticed a caustic shrike
 85152 | Depths:4 | Noticed a juggernaut
 85182 | Depths:4 | Killed a juggernaut
 85182 | Depths:4 | Received a gift from Okawaru
 85283 | Depths:4 | Killed Mennas
 85293 | Depths:4 | Reached skill level 10 in Armour
 85687 | Depths:4 | Identified the +0 pair of boots of Death's Door {Str+4
                  | Slay+3} (Okawaru gifted it to you on level 4 of the Depths)
 86857 | Depths:4 | Killed a caustic shrike
 87256 | Depths:4 | Found the ring of the Mage {Wiz MR++ Int+3}
 87419 | Depths:4 | Identified the amulet "Berapi" {Reflect MR+ Int+3 SH+5}
                  | (You found it on level 4 of the Depths)
 87792 | Elf:2    | Bought a pair of embroidered gloves for 187 gold pieces
 88088 | Elf:2    | Noticed Azrael
 88096 | Elf:2    | Killed Azrael
 88110 | Elf:2    | Received a gift from Okawaru
 88751 | Elf:3    | Received a gift from Okawaru
 88789 | Elf:3    | Reached XP level 26. HP: 167/167 MP: 23/23
 89053 | Elf:3    | Received a gift from Okawaru
 89573 | Elf:3    | Found the +4 skin of Zhor {Englaciate rC+++ SInv}
 89577 | Elf:3    | Identified the Grimoire of Summoning and Ice
 89578 | Elf:3    | Found the amulet of Vitality {Regen+ HP+15}
 89612 | Elf:3    | Identified the ring "Owoxo" {+Fly rPois} (You found it on
                  | level 3 of the Elven Halls)
 89695 | Elf:3    | Identified the ring of Sunlight {MR+ Str+4 Int+2} (You
                  | found it on level 3 of the Elven Halls)
 90448 | Depths:5 | Entered Level 5 of the Depths
 91095 | Depths:5 | Found a gateway to a ziggurat.
 91515 | Depths:5 | Received a gift from Okawaru
 92027 | Depths:5 | Reached XP level 27. HP: 147/173 MP: 23/23
 92060 | Depths:5 | Reached skill level 15 in Shields
 92600 | Depths:5 | Found a gate to the Realm of Zot.
 92642 | Depths:5 | Received a gift from Okawaru
 93171 | Depths:5 | Found an iron altar of Okawaru.
 93381 | Depths:5 | Received a gift from Okawaru
 93702 | Crypt:1  | Entered Level 1 of the Crypt
 95578 | Crypt:1  | Reached skill level 27 in Short Blades
 95664 | Crypt:1  | Found the +9 sword of Zonguldrok {reap}
 95909 | Crypt:2  | Noticed Xtahua
 95913 | Crypt:2  | Killed Xtahua
 96213 | Crypt:2  | Reached skill level 1 in Invocations
 96834 | Crypt:3  | Entered Level 3 of the Crypt
 97567 | Crypt:3  | Noticed an ancient lich
 97613 | Crypt:3  | Killed an ancient lich
 97841 | Crypt:3  | Found an ancient bone altar of Kikubaaqudgha.
 97850 | Crypt:3  | Received a gift from Okawaru
 98078 | Crypt:3  | Found a staircase to the Tomb.
 99735 | Crypt:3  | Identified the amulet of Gokloh {rC+ Regen+ Str+2 Int+3
                  | Dex+4} (You found it on level 3 of the Crypt)
 99736 | Crypt:3  | Identified the ring "Neubuiw" {rN+ Str+4} (You found it on
                  | level 3 of the Crypt)
 99737 | Crypt:3  | Identified the ring of the Eagle {rN+ SInv} (You found it
                  | on level 3 of the Crypt)
100303 | Depths:1 | Bought a manual of Stealth for 2539 gold pieces
100657 | Slime:1  | Entered Level 1 of the Pits of Slime
100745 | Slime:3  | Reached skill level 5 in Invocations
100800 | Slime:5  | Entered Level 5 of the Pits of Slime
100846 | Slime:4  | Gained mutation: Scrolls take you a little longer to read.
                  | [a shining eye]
100995 | Slime:4  | Lost mutation: Scrolls take you a little longer to read.
                  | [potion of mutation]
100995 | Slime:4  | Gained mutation: You occasionally shout uncontrollably at
                  | your foes. [potion of mutation]
100995 | Slime:4  | Gained mutation: Your system is resistant to poisons.
                  | (rPois) [potion of mutation]
100996 | Slime:4  | Lost mutation: Your system is resistant to poisons. (rPois)
                  | [potion of mutation]
100996 | Slime:4  | Lost mutation: You occasionally shout uncontrollably at
                  | your foes. [potion of mutation]
100996 | Slime:4  | Gained mutation: You are weak. (Str -2) [potion of
                  | mutation]
100996 | Slime:4  | Gained mutation: You tend to lose your temper in combat.
                  | [potion of mutation]
100996 | Slime:4  | Gained mutation: You are resistant to electric shocks.
                  | (rElec) [potion of mutation]
100996 | Slime:4  | Gained mutation: You are robust. (+10% HP) [potion of
                  | mutation]
101007 | Slime:4  | Lost mutation: You are robust. (+10% HP) [potion of
                  | mutation]
101007 | Slime:4  | Lost mutation: You are weak. (Str -2) [potion of mutation]
101007 | Slime:4  | Lost mutation: You tend to lose your temper in combat.
                  | [potion of mutation]
101007 | Slime:4  | Gained mutation: You tend to lose your temper in combat.
                  | [potion of mutation]
101007 | Slime:4  | Gained mutation: You have sharp toenails. [potion of
                  | mutation]
101008 | Slime:4  | Lost mutation: You tend to lose your temper in combat.
                  | [potion of mutation]
101008 | Slime:4  | Lost mutation: You are resistant to electric shocks.
                  | (rElec) [potion of mutation]
101008 | Slime:4  | Gained mutation: You evolve. [potion of mutation]
101008 | Slime:4  | Gained mutation: Your flesh is heat resistant. (rF+)
                  | [potion of mutation]
101474 | Slime:5  | Noticed the Royal Jelly
101475 | Slime:5  | Found a viscous altar of Jiyva.
101478 | Slime:5  | Killed the Royal Jelly
101800 | Slime:5  | Received a gift from Okawaru
102136 | Slime:5  | Identified the Papyrus of Conjuration
102156 | Slime:5  | Identified the ring "Kier" {rPois MR+ Str+6 Dex+3 Stlth+}
                  | (You found it on level 5 of the Pits of Slime)
102177 | Slime:5  | Got a slimy rune of Zot
102197 | Slime:5  | Identified the Volume of Flamy Clay
102208 | Slime:5  | Identified the amulet of Waemo {Reflect Dex+4 SH+5 SInv}
                  | (You found it on level 5 of the Pits of Slime)
102778 | Vaults:5 | Entered Level 5 of the Vaults
102924 | Vaults:5 | Received a gift from Okawaru
103308 | Vaults:5 | Identified the cursed +0 leather armour of the Morning Star
                  | {rElec MR+ Str-3 Slay+2} (You found it on level 5 of the
                  | Vaults)
103452 | Vaults:5 | Got a silver rune of Zot
103475 | Vaults:5 | Noticed Mara
103476 | Vaults:5 | Noticed Frederick
103498 | Vaults:5 | Killed Frederick
103500 | Vaults:5 | Noticed Inarius's illusion
103526 | Vaults:5 | Killed Mara
103697 | Vaults:5 | Noticed an ancient lich
103719 | Vaults:5 | Killed an ancient lich
103719 | Vaults:5 | Received a gift from Okawaru
104032 | Vaults:5 | Reached skill level 27 in Stealth
104761 | Vaults:4 | Received a gift from Okawaru
104983 | Vaults:5 | Identified the Handbook of Icy Curses
105283 | Vaults:5 | Identified the cursed +1 hand axe "Gidux" {venom, MR++
                  | Int+3}
105361 | Vaults:5 | Identified the +6 flail "Emumm" {vamp, +Fly Str+2}
105371 | Vaults:5 | Identified the +4 quarterstaff of the Head {pain, +Rage
                  | rElec Stlth+}
106700 | Vaults:5 | Identified the ring "Pufrimimm" {*Corrode rF- rN+++ Str+2
                  | Stlth+}
106864 | Vaults:5 | Received a gift from Okawaru
106867 | Vaults:5 | Identified the +1 robe "Sunaic" {rElec Stlth+} (Okawaru
                  | gifted it to you on level 5 of the Vaults)
107142 | Zot:1    | Entered Level 1 of the Realm of Zot
107322 | Depths:1 | Bought the ring "Diesatt" {*Contam rPois Dex+7 SInv Stlth-}
                  | for 640 gold pieces
107422 | Zig:1    | Entered Level 1 of a ziggurat
107433 | Zig:2    | Entered Level 2 of a ziggurat
107457 | Zig:3    | Entered Level 3 of a ziggurat
107562 | Zig:4    | Entered Level 4 of a ziggurat
107771 | Zig:5    | Entered Level 5 of a ziggurat
107841 | Zig:5    | Identified the ring of Paskitzyo {*Corrode rPois rC++ MR+}
                  | (You found it on level 5 of a ziggurat)
107859 | Zig:6    | Entered Level 6 of a ziggurat
107916 | Zig:6    | Got a steaming pewter ring
107917 | Zig:6    | Identified the ring "Vismath" {rPois MP+9 Dex+4} (You found
                  | it on level 6 of a ziggurat)
108008 | Zig:7    | Entered Level 7 of a ziggurat
108014 | Zig:7    | Noticed a Killer Klown
108018 | Zig:7    | Noticed a Killer Klown
108073 | Zig:7    | Killed a Killer Klown
108101 | Zig:7    | Killed a Killer Klown
108119 | Zig:7    | Identified the +2 pair of boots of Sin {-Cast rCorr SInv}
                  | (You found it on level 7 of a ziggurat)
108272 | Zig:8    | Entered Level 8 of a ziggurat
108423 | Zig:8    | Identified the Collected Works on Orientation
108822 | Zot:1    | Received a gift from Okawaru
109194 | Snake:1  | Fell from the grace of Okawaru
109194 | Snake:1  | Became a worshipper of Makhleb the Destroyer
110028 | Depths:2 | Voluntarily entered the Abyss.
110105 | Abyss:1  | Noticed an ancient lich
110272 | Abyss:1  | Killed an ancient lich
110537 | Depths:2 | Escaped the Abyss
110732 | Depths:2 | Voluntarily entered the Abyss.
110838 | Abyss:1  | Reached * piety under Makhleb
110866 | Abyss:1  | Found a sparkling altar of Nemelex Xobeh.
110876 | Abyss:1  | Found a corrupted altar of Lugonu.
111463 | Abyss:1  | Found a corrupted altar of Lugonu.
112068 | Abyss:1  | Reached ** piety under Makhleb
112132 | Abyss:2  | Found a sparkling altar of Nemelex Xobeh.
112975 | Abyss:3  | Acquired a manual of Evocations
113330 | Abyss:3  | Reached *** piety under Makhleb
113598 | Abyss:3  | Got an abyssal rune of Zot
113629 | Depths:2 | Escaped the Abyss
114548 | Zot:1    | Acquired 580 gold pieces
114556 | Zot:1    | Acquired a manual of Earth Magic
114560 | Zot:1    | Acquired the +2 pair of gloves "Teqiolorr" {*Corrode +Fly
                  | rN+}
114615 | Zot:1    | Acquired a manual of Dodging
114714 | Zot:1    | Reached **** piety under Makhleb
115044 | Zot:2    | Noticed an orb of fire
115048 | Zot:2    | Killed an orb of fire
116060 | Depths:5 | Was forgiven by Okawaru
117896 | Zot:3    | Reached skill level 10 in Invocations
118030 | Zot:3    | Noticed an orb of fire
118097 | Zot:3    | Killed an orb of fire
118137 | Zot:3    | Found a runed translucent gate.
118143 | Zot:3    | Found a runed translucent gate.
118144 | Zot:3    | Found a runed translucent gate.
118145 | Zot:3    | Noticed Canky's ghost (master TrAr)
118181 | Zot:3    | Acquired 410 gold pieces
118534 | Zot:3    | You fall into a shaft and drop 1 floor!
118635 | Zot:3    | Found a burning altar of Makhleb.
118698 | Zot:3    | Identified the Catalogue of Fire and Brimstone
118714 | Zot:3    | Identified the Grimoire of the Zealot
118990 | Zot:3    | Reached ***** piety under Makhleb
120014 | Zot:4    | Gained mutation: You are resistant to hostile enchantments.
                  | (MR+) [evolution]
120420 | Zot:5    | Entered Level 5 of the Realm of Zot
121866 | Zot:5    | Noticed an ancient lich
121896 | Zot:5    | Killed an ancient lich
122237 | Zot:5    | Noticed a Killer Klown
122253 | Zot:5    | Killed a Killer Klown
122309 | Zot:5    | Noticed a Killer Klown
122318 | Zot:5    | Noticed an ancient lich
122362 | Zot:5    | Killed an ancient lich
122403 | Zot:5    | Killed a Killer Klown
122460 | Zot:5    | Noticed an orb of fire
122466 | Zot:5    | Noticed an orb of fire
122486 | Zot:5    | Gained mutation: You are dopey. (Int -2) [an orb of fire]
122493 | Zot:5    | Noticed an ancient lich
122525 | Zot:5    | HP: 9/184 [ancient lich/poison arrow (25)]
123137 | Zot:5    | Killed an orb of fire
123488 | Zot:5    | Killed an ancient lich
123589 | Zot:5    | Noticed a Killer Klown
123614 | Zot:5    | a Killer Klown changed into a titan
123824 | Zot:5    | Noticed an orb of fire
123911 | Zot:5    | Killed an orb of fire
124259 | Zot:5    | Got the Orb of Zot
124505 | Depths:2 | Noticed Xaar the pandemonium lord
124516 | Depths:2 | Killed Xaar the pandemonium lord
124594 | D:14     | Reached ****** piety under Makhleb
124774 | D:6      | Reached skill level 15 in Invocations
125043 | D:$      | Escaped with the Orb!

Illustrated notes

Levels and vault maps discovered:
D:1:      dpeg_arrival_prison, layout_basic, chequers_serial_rivers_small_a,
          minmay_small_reverse_x
D:2:      layout_basic
D:3:      layout_loops_corners, uniq_sigmund
D:4:      layout_rooms, vehumet_altar_wand_db,
          nicolae_overflow_quartered_altars, gammafunk_temple_overflow_elements,
          cheibrodos_sewer_entry_drain, minmay_pentomino_pile, uniq_edmund
D:5:      layout_loops_corners, nicolae_overflow_hidden_temple, serial_shops,
          kennysheep_mini
D:6:      layout_basic, minmay_temple_entry_offerings
D:7:      layout_loops_ring, enter_bailey_2, serial_shops,
          nicolae_shop_statue_plus, uniq_maggie, uniq_joseph
D:8:      layout_basic, grunt_temple_overflow_forces_of_nature,
          chequers_serial_rivers_large_a, serial_bayou_lagoon_b
D:9:      layout_loops_cross, dpeg_lair_monsters, gammafunk_ghost_cemetery
D:10:     layout_irregular_city, hangedman_abyss_or_decor_stabs
D:11:     layout_basic, ebering_ghost_disaster_area, uniq_erolcha
D:12:     minmay_two_paths, layout_irregular_city, orc_0_dummy, uniq_psyche
D:13:     layout_cave_pools, serial_column_ruins, column_ruins_corridor_T,
          column_ruins_corridor_straight, column_ruins_open_small,
          column_ruins_open_small, column_ruins_grid_3, column_ruins_open_small,
          uniq_kirke
D:14:     layout_roguey, erik_vaults_1, fedhas_altar_4, uniq_nessos
D:15:     hangedman_depths_entry_civil_slaughter, layout_rooms
Temple:   chequers_temple_sunken
Lair:1:   layout_long_grid, gammafunk_ghost_wrathful_warriors,
          chequers_serial_rivers_room_a, chequers_serial_rivers_micro_c,
          uniq_nergalle
Lair:2:   layout_chaotic_city, minmay_shoals_entry_hut, dummy_snake_entry,
          grunt_megastairs_1
Lair:3:   layout_gridlike
Lair:4:   layout_layer_cave, nicolae_quartered_pool_super, uniq_urug
Lair:5:   layout_regular_city, minmay_slime_entry_oklob_enclosed,
          gammafunk_ghost_cemetery, minivault_19, chequers_serial_rivers_marsh,
          forest_entry_grove, uniq_snorg
Lair:6:   minmay_lair_end_enchanted_forest, layout_loops_ring,
          serial_bayou_shore_b, lemuel_fruit_tree, minmay_lair_oklob_chamber
Shoals:1: gammafunk_the_bubble [the_bubble_gammafunk_grid], layout_shoals,
          uniq_josephine, uniq_donald, uniq_louise, uniq_frances
Shoals:2: layout_shoals
Shoals:3: layout_shoals, uniq_polyphemus
Shoals:4: shoals_end_simple, layout_shoals
Snake:1:  layout_chambers, basic_altar, serial_bayou_pond_e, uniq_asterion,
          uniq_aizul, uniq_roxanne
Snake:2:  layout_gridlike, drop_trap, grunt_megastairs_3, serial_bayou_shore_b
Snake:3:  layout_misc_corridors, basic_altar, hangedman_feature_mirror,
          nicolae_snake_lava_pool
Snake:4:  snake_pit, layout_gridlike, grunt_megastairs_2
Slime:1:  layout_caves
Slime:2:  layout_caves
Slime:3:  layout_caves
Slime:4:  layout_caves, nicolae_slime_phagocytosis
Slime:5
Orc:1:    layout_caves, guppyfry_library_mini
Orc:2:    grunt_orc_gardens, layout_caves, grunt_orc_garden, grunt_orc_garden,
          grunt_orc_garden, grunt_orc_garden, gauntlet_entry_generic,
          nicolae_orc_flooded_monolith, minmay_shop_mayhem,
          nicolae_orc_lava_tube, roderic_batcave
Elf:1:    eino_elf_arrival_the_gate, layout_geoelf_grid, minmay_elf_demonology
Elf:2:    layout_loops_ring, serial_shops, nicolae_shop_statue_plus,
          shop_fountains, shop, nicolae_shop_trees, nicolae_shop_crystal,
          uniq_azrael
Elf:3:    minmay_elf_hall_four_x, layout_geoelf_octagon
Vaults:1: hangedman_vaults_variations, v_rooms_2, v_misc_9, v_alt_pattern_1,
          v_misc_4, ontoclasm_vaults_shuriken, nicolae_vaults_ninety_degrees,
          ontoclasm_vaults_gateway, vaults_room_stairs_pillars,
          nicolae_vaults_mini_display_case, layout_vaults_omnigrid
Vaults:2: nicolae_vaults_network_square, hangedman_vaults_stagger,
          ontoclasm_vaults_misaligned, vaults_room_ringed_pool,
          grunt_vaults_hallway_short, grunt_vaults_bifocal, vaults_room_grid,
          vaults_dpeg_diagonal, nicolae_vaults_back_hallway,
          ontoclasm_vaults_ligature, hangedman_vaults_stream,
          layout_vaults_maze, serial_shops, nicolae_shop_overgrown_old_shop,
          basic_altar
Vaults:3: dpeg_vaults_monster_box, nicolae_vaults_what_the_h, v_rooms_4,
          hangedman_vaults_impose, nicolae_vaults_triangles,
          ontoclasm_vaults_chip, hangedman_vaults_nodes,
          ontoclasm_vaults_claustrophobia, minmay_crypt_entry_simple_round,
          nicolae_vaults_asterisk, layout_vaults_big_room, serial_shops,
          nicolae_shop_window_shopping, uniq_saint_roka, uniq_jory, uniq_sojobo
Vaults:4: hangedman_vaults_corner, nicolae_vaults_asterisk,
          ontoclasm_vaults_eye, nicolae_vaults_little_squares_1, v_misc_15,
          v_misc_16, nicolae_vaults_network_barrier,
          nicolae_vaults_twisting_passages, v_pattern_5, st_spiral_rooms,
          nicolae_vaults_alarming, nicolae_vaults_little_squares_6,
          vaults_dpeg_ring, layout_vaults_big_cross, serial_shops, shop
Vaults:5: serial_shops, uniq_frederick, uniq_mara, uniq_margery
Crypt:1:  layout_chaotic_city, minmay_guarded_unrand_zonguldrok
Crypt:2:  layout_misc_corridors, uniq_xtahua
Crypt:3:  evilmike_haunted_forest
Depths:1: layout_basic, hell_entry, nicolae_two_hexagons, serial_shops,
          nicolae_shop_window_shopping, shop_fountains, shop_coins, shop,
          lemuel_flamethrower_1
Depths:2: cell_vault, layout_small_grid, grunt_mini_vestibule,
          minmay_misc_feat_tiny, abyss_entry_small_statue_room,
          kennysheep_cross_room, serial_bayou_shore_b,
          infiniplex_staircase_pool_2
Depths:3: hangedman_crystal_crosses_colossus [crystal_crosses_arms_four,
          crystal_crosses_arms_two, crystal_crosses_arms_two,
          crystal_crosses_arms_one], pan_entry, abyss_entry, hell_entry,
          serial_shops
Depths:4: gold_lair_mu, layout_gridlike, rand_demon_pan_entry_1, serial_curves,
          eino_curves_03, eino_curves_04, abyss_entry, hell_entry,
          dk_noncrumbling_3, uniq_mennas
Depths:5: grunt_crosshair, layout_cave_pools, enter_ziggurat_e,
          rand_demon_pan_entry_9, pf_hell_entry_great_geh,
          okawaru_ov_weapons_minmay, st_stairs_13, drop_trap
Zot:1:    layout_misc_corridors
Zot:2:    layout_onion_interference
Zot:3:    nicolae_zot_draconian_monastery, layout_onion, gammafunk_ghost_split
Zot:4:    layout_cellular_growth
Zot:5:    layout_onion

Skill      XL: |  1  2  3  4  5  6  7  8  9 10 11 12 13 14 15 16 17 18 19 20 21 22 23 24 25 26 27 |
---------------+----------------------------------------------------------------------------------+-----
Short Blades   | 5 6 7 9 11 12 13 14 15 16 17 18 19 20 21 22 23 24 25 26 27 | 27.0
Stealth        | 1 3 5 6 8 10 12 13 14 16 18 19 20 22 23 27 | 27.0
Fighting       | 3 4 5 6 7 8 9 10 11 12 13 14 15 16 17 18 22 | 22.1
Dodging        | 1 3 4 6 7 8 9 10 11 12 13 14 15 16 17 23 | 23.0
Evocations     | 2 3 5 6 8 9 10 11 12 13 14 15 16 17 18 22 | 22.8
Armour         | 2 3 4 5 6 7 8 9 10 13 | 13.1
Shields        | 4 6 7 8 9 10 11 12 13 14 20 | 20.9
Invocations    | 15 | 15.0
Axes           | |  1.0
Throwing       | |  1.1

Action                   |  1- 3 |  4- 6 |  7- 9 | 10-12 | 13-15 | 16-18 | 19-21 | 22-24 | 25-27 || total
-------------------------+-------+-------+-------+-------+-------+-------+-------+-------+-------++-------
Melee: Dagger            |    35 |   187 |   632 |  1478 |       |       |       |       |       ||  2332
       Short sword       |    45 |    61 |       |       |       |       |       |       |       ||   106
       Rapier            |       |       |       |   202 |   101 |       |       |       |       ||   303
       Quick blade       |       |       |       |       |  2134 |  1526 |  2496 |  3250 |  8827 || 18233
Throw: Dart              |       |       |       |       |     4 |       |       |       |       ||     4
Invok: Heroism           |       |       |       |       |       |       |     1 |     1 |     2 ||     4
       Finesse           |       |       |       |       |       |       |       |       |     4 ||     4
 Abil: Evoke Flight      |       |       |       |       |       |       |       |       |     4 ||     4
Evoke: Wand              |     2 |    13 |    14 |    46 |    25 |    58 |    68 |    37 |    60 ||   323
       Lightning rod     |       |       |       |       |       |     4 |       |       |       ||     4
       Phial of floods   |       |       |       |       |       |     1 |       |     1 |     1 ||     3
       Box of beasts     |       |       |       |       |       |       |       |       |     2 ||     2
       Phantom mirror    |       |       |       |       |       |       |       |       |     1 ||     1
  Use: Potion            |     1 |     3 |     6 |    13 |     3 |     2 |     1 |     5 |    29 ||    63
       Scroll            |       |     5 |     6 |    11 |    15 |     9 |     9 |    15 |    68 ||   138
 Stab: Sleeping          |     8 |    11 |    36 |    55 |    82 |   111 |    84 |    70 |   234 ||   691
       Distracted        |     1 |       |     1 |     5 |    11 |    13 |    16 |    15 |    80 ||   142
       Invisible         |       |       |       |     6 |       |       |       |       |     1 ||     7
       Confused          |       |       |       |       |       |     2 |       |       |     2 ||     4
       Paralysed         |       |       |       |       |       |     1 |     3 |     5 |     5 ||    14
       Petrifying        |       |       |       |       |       |       |     5 |     1 |     3 ||     9
       Petrified         |       |       |       |       |       |       |       |       |     1 ||     1
Armor: Robe              |     4 |    17 |   143 |     5 |       |       |       |       |       ||   169
       Skin              |       |    63 |    14 |    17 |     7 |       |       |       |       ||   101
       Acid dragon scale |       |       |       |   271 |   139 |       |       |       |       ||   410
       Ring mail         |       |       |       |       |    48 |    86 |    79 |       |       ||   213
       Quicksilver drago |       |       |       |       |       |       |    79 |   244 |   295 ||   618
       Shadow dragon sca |       |       |       |       |       |       |       |       |   618 ||   618
Dodge: Dodged            |    36 |    93 |   383 |   840 |   633 |   283 |   645 |   742 |  1902 ||  5557
Block: Buckler           |       |       |       |       |   344 |   292 |   574 |   794 |  3123 ||  5127
       Reflection        |       |       |       |       |    10 |    42 |    70 |    83 |   261 ||   466

Table legend: (Time is in decaauts)
 A = Elapsed time spent in this place.
 B = Non-inter-level travel time spent in this place.
 C = Inter-level travel time spent in this place.
 D = Time resting spent in this place.
 E = Time spent auto-exploring this place.
 F = Levels seen in this place.
 G = Mean time per level.
                   A        B        C        D        E       F      G
               +--------+--------+--------+--------+--------+-----+--------+
         Total | 107485 |  98210 |   9275 |  26547 |  49105 |  74 | 1452.5 |
       Dungeon |  23184 |  20291 |   2893 |   4715 |  11533 |  15 | 1545.6 |
        Temple |     20 |     20 |      0 |      0 |      8 |   1 |   20.0 |
          Lair |   8952 |   8209 |    743 |   1025 |   5708 |   6 | 1492.0 |
        Shoals |   8177 |   7921 |    256 |   2263 |   4326 |   4 | 2044.2 |
     Snake Pit |   7881 |   7458 |    423 |   2161 |   4254 |   4 | 1970.2 |
    Slime Pits |   1455 |   1417 |     38 |    703 |    190 |   5 |  291.0 |
  Orcish Mines |   3423 |   3012 |    411 |   1053 |   1314 |   2 | 1711.5 |
   Elven Halls |   5449 |   4811 |    638 |   1258 |   2291 |   3 | 1816.3 |
        Vaults |  13750 |  12530 |   1220 |   3073 |   6488 |   5 | 2750.0 |
         Crypt |   5162 |   4768 |    394 |    116 |   3761 |   3 | 1720.7 |
        Depths |  16730 |  14815 |   1915 |   6777 |   5133 |   5 | 3346.0 |
           Zot |   7216 |   6876 |    340 |   1828 |   2705 |   5 | 1443.2 |
         Abyss |   3299 |   3299 |      0 |    544 |    519 |   5 |  659.8 |
      Ziggurat |    746 |    746 |      0 |    398 |      0 |   8 |   93.2 |
         Sewer |    797 |    797 |      0 |      0 |    613 |   1 |  797.0 |
        Bailey |    480 |    480 |      0 |    275 |      9 |   1 |  480.0 |
      Gauntlet |    755 |    755 |      0 |    354 |    247 |   1 |  755.0 |
               +--------+--------+--------+--------+--------+-----+--------+

Top non-repeatable levels by time:
Depths:2: 5987 daAuts
Depths:4: 3900 daAuts
Vaults:4: 3289 daAuts
     D:9: 2963 daAuts
Vaults:3: 2933 daAuts
   Zot:5: 2886 daAuts
Vaults:5: 2847 daAuts
Depths:1: 2651 daAuts
Shoals:1: 2642 daAuts
 Crypt:3: 2449 daAuts
Depths:5: 2444 daAuts
  Lair:6: 2419 daAuts
    D:11: 2350 daAuts
Vaults:1: 2342 daAuts
Vaults:2: 2338 daAuts
